 Dungeon Sprint DCSS version 0.30-a0-738-g116ff8c4af (webtiles) character file.

Game seed: 17945868811022522892

182 BigDaddyOpFi the Cleaver (level 5, -4/52 HPs)
             Began as a Hill Orc Berserker on Feb 3, 2023.
             Was a Priest of Trog.
             Killed from afar by a wizard (19 damage)
             ... with a fireball
             ... in the Dungeon (Sprint III: "The Ten Rune Challenge").
             The game lasted 00:00:55 (876 turns).

BigDaddyOpFi the Cleaver (Hill Orc Berserker)        Turns: 876, Time: 00:00:56

Health: -4/52      AC:  3    Str: 21    XL:     5   Next: 61%
Magic:  5/5        EV: 13    Int: 11    God:    Trog [***...]
Gold:   44         SH:  0    Dex:  9    Spells: 4/4 levels left

rFire   . . .      SeeInvis .    a - +0 hand axe
rCold   . . .      Faith    .    (no shield)
rNeg    . . .      Spirit   .    b - +0 animal skin
rPois   .          Reflect  .    (helmet restricted)
rElec   .          Harm     .    (no cloak)
rCorr   .          Rampage  .    (no gloves)
Will    .....      NoTele   +    (no boots)
Stlth   +                        (no amulet)
HPRegen 0.28/turn                (no ring)
MPRegen 0.09/turn                (no ring)

@: on berserk cooldown, slowed, very slow
A: horns 1, clever 1, shaggy fur 1
a: Renounce Religion, Berserk, Trog's Hand


You were in the Dungeon.
You worshipped Trog.
Trog was most pleased with you.
You visited 1 branch You collected 44 gold pieces.

Inventory:

Hand Weapons
 a - a +0 hand axe (weapon)
Armour
 b - a +0 animal skin (worn)
Scrolls
 h - a scroll of blinking
 i - 2 scrolls of immolation {unknown}
 j - 2 scrolls of identify {unknown}
Potions
 c - a potion of curing
 d - a potion of heal wounds
 e - a potion of haste
 f - 2 potions of magic
 g - a potion of berserk rage
 k - 4 potions of flight
 l - 4 potions of mutation


   Skills:
 + Level 7.5 Fighting
 + Level 8.3 Axes
 + Level 6.3 Armour
 + Level 4.8 Dodging


You had 4 spell levels left.
You didn't know any spells.
Your spell library was empty.

Dungeon Overview and Level Annotations

Branches:
Dungeon (1/1)

Altars:
Kikubaaqudgha
Sif Muna
Vehumet


Innate Abilities, Weirdness & Mutations

You have a pair of small horns on your head.
Your mind is acute. (Int +4, Str/Dex -1)
You are covered in fur. (AC +1)


Message History

The quasit disappears in a puff of smoke!
The white imp disappears in a puff of smoke!
The wizard gestures wildly while chanting.
The wizard blinks!
You feel a strong urge to attack something.
The wizard casts a spell at you.
The fireball explodes!
The fireball engulfs you!!
You are no longer berserk.
You are exhausted.
You feel yourself slow down.
You barely miss the wizard. You headbutt the wizard.
The wizard is heavily wounded.
The wizard hits you but does no damage.
You barely miss the wizard.
You headbutt the wizard, but do no damage.
The wizard is heavily wounded.
The wizard hits you but does no damage.
You closely miss the wizard.
The wizard is heavily wounded.
The wizard hits you with a +0 dagger.
You closely miss the wizard.
The wizard is heavily wounded.
The wizard mumbles some strange words.
The wizard flickers and vanishes!
Deactivating autopickup; reactivate with Ctrl-A.
Something hits you.
You hit something. Your headbutt misses something. Something hits you.
You closely miss something. Your headbutt misses something.
You hear some strange, mumbled words.
You start resting.
Something hits you.
You start resting.
Something hits you. x2
You start resting.
Something hits you.
* * * LOW HITPOINT WARNING * * *
You start resting.
You hear some strange, mumbled words.
Something tries to affect you, but you resist.
You hear some strange, mumbled words.
A fireball appears from out of thin air!
The fireball explodes!
The fireball engulfs you!!
You die...

▓▓▓▓▓▓▓▓▓▓ ▓▓▓
#..'...♣.♣♣ ♣.#
#..#....♣.♣ ♣♣.#
####....♣.♣ ..#
...#....~♣♣♣♣♣.###+#+###
...#...~~♣...♣.#........
...#..~~~~♣♣.♣.'@⌠......
##'#..~≈≈~~~...#{..#####
.).#.~~≈~~~....#.⌠.#
...#.~≈~~~.....#...#
...#.~~~.......#'###
####...........#.)§#
...............#___#
▓▓▓▓▓▓▓▓▓▓▓▓▓▓▓▓▓▓▓▓


There were no monsters in sight!

Vanquished Creatures
  A water elemental (D)
  A scorpion (D)
  Jessica (D)
  A kobold demonologist (D)
  A human (D)
  An endoplasm (D)
  A rat (D)
7 creatures vanquished.

Notes
Turn   | Place    | Note
-------+----------+-------------------------------------------
     0 | D        | BigDaddyOpFi the Hill Orc Berserker began the quest for the
                  | Orb.
     0 | D        | Reached XP level 1. HP: 19/19 MP: 1/1
    57 | D        | Noticed Jessica
    60 | D        | Killed Jessica
    60 | D        | Reached ** piety under Trog
    61 | D        | Reached skill level 5 in Fighting
    61 | D        | Reached skill level 5 in Axes
    61 | D        | Reached XP level 2. HP: 18/29 MP: 2/2
    61 | D        | Reached XP level 3. HP: 23/36 MP: 3/3
   159 | D        | Reached skill level 6 in Axes
   369 | D        | Noticed a scorpion
   381 | D        | Killed a scorpion
   382 | D        | Reached skill level 7 in Axes
   382 | D        | Reached skill level 5 in Armour
   382 | D        | Reached XP level 4. HP: 45/45 MP: 4/4
   523 | D        | Gained mutation: Your mind is acute. (Int +4, Str/Dex -1)
                  | [potion of mutation]
   523 | D        | Gained mutation: You have a pair of small horns on your
                  | head. [potion of mutation]
   523 | D        | Gained mutation: You are covered in fur. (AC +1) [potion of
                  | mutation]
   538 | D        | Noticed a water elemental
   544 | D        | Killed a water elemental
   545 | D        | Reached skill level 8 in Axes
   545 | D        | Reached XP level 5. HP: 51/52 MP: 5/5
   856 | D        | Found a radiant altar of Vehumet.
   856 | D        | Found a shimmering blue altar of Sif Muna.
   856 | D        | Found an ancient bone altar of Kikubaaqudgha.
   862 | D        | Reached *** piety under Trog
   876 | D        | Killed from afar by a wizard

Illustrated notes

Levels and vault maps discovered:
D:        dungeon_sprint_mu [sprint_mu_entry_forest, sprint_mu_temple_rooms,
          sprint_mu_d1_spiders, sprint_mu_d2_genie, sprint_mu_d3_branching,
          sprint_mu_orc_legion, sprint_mu_elf_gauntlet, sprint_mu_hive_nellie,
          sprint_mu_lair_fedhas, sprint_mu_vaults_butterflies,
          sprint_mu_slime_circle, sprint_mu_swamp_cave, sprint_mu_snake_twists,
          sprint_mu_blade_basic, sprint_mu_crypt_chambers,
          sprint_mu_tomb_spiral, sprint_mu_vestibule_basic,
          sprint_mu_gehenna_hellfire, sprint_mu_dis_giant,
          sprint_mu_tartarus_statrot, sprint_mu_cocytus_islands, sprint_mu_zot1]

Skill      XL: |  1  2  3  4 |
---------------+-------------+-----
Fighting       | 5 6 7 |  7.5
Axes           | 5 7 8 |  8.3
Armour         | 3 5 6 |  6.3
Dodging        | 2 4 |  4.8

Action                     |  1- 3 |  4- 6 || total
---------------------------+-------+-------++-------
  Melee: Hand axe          |    32 |    13 ||    45
         Headbutt          |       |     3 ||     3
 Invoke: Berserk           |     2 |     2 ||     4
    Use: Potion            |       |     1 ||     1
 Armour: Animal skin       |     3 |     3 ||     6
  Dodge: Dodged            |    19 |     2 ||    21

Table legend: (Time is in decaauts)
 A = Elapsed time spent in this place.
 B = Non-inter-level travel time spent in this place.
 C = Inter-level travel time spent in this place.
 D = Time resting spent in this place.
 E = Time spent auto-exploring this place.
 F = Levels seen in this place.
 G = Mean time per level.
                   A        B        C        D        E       F      G
               +--------+--------+--------+--------+--------+-----+--------+
         Total |    917 |    917 |      0 |    758 |      0 |   1 |  917.0 |
       Dungeon |    917 |    917 |      0 |    758 |      0 |   1 |  917.0 |
               +--------+--------+--------+--------+--------+-----+--------+

Top non-repeatable levels by time:
       D: 917 daAuts
